[Event "EWIBCC 2019"]
[Site "Monte-Carlo"]
[Date "2019.11.29"]
[Round "11.12"]
[White "Babiy, Olga"]
[Black "Doluhanova, Evgeniya"]
[Result "1/2-1/2"]
[ECO "C54"]
[WhiteElo "2249"]
[BlackElo "2276"]
[Annotator "ChessBase"]
[PlyCount "118"]
[EventDate "2019.11.29"]
[EventType "swiss"]
[EventCountry "MNC"]
[SourceTitle "playchess.com"]
[Source "ChessBase"]
[SourceQuality "1"]
[TimeControl "180+2"]

1. e4 e5 2. Nf3 Nc6 3. Bc4 Bc5 4. c3 d6 5. b4 Bb6 6. a4 a5 7. b5 Nce7 8. d3 Nf6 9. h3 Be6 10. Nbd2 c6 11. O-O O-O 12. Re1 d5 13. exd5 cxd5 14. Ba2 e4 15. dxe4 dxe4 16. Bxe6 exf3 17. Ba2 fxg2 18. Ba3 Re8 19. Ne4 Nxe4 20. Rxe4 Ng6 21. Qf3 Qf6 22. Qxf6 gxf6 23. Rae1 Rxe4 24. Rxe4 Rc8 25. c4 Kg7 26. Kxg2 Rd8 27. c5 Bc7 28. Bc4 Be5 29. c6 bxc6 30. bxc6 Nf4+ 31. Kf3 Rc8 32. Bb5 Ne6 33. Rg4+ Kh6 34. Kg2 Nf4+ 35. Kf3 Ne6 36. Rc4 Nd4+ 37. Ke4 Ne6 38. Bc1+ Kg6 39. Bd2 Bc7 40. Kf3 Ng5+ 41. Ke2 Re8+ 42. Be3 Ne6 43. h4 f5 44. Rc1 f4 45. Ba7 Nd4+ 46. Kd3 Ne6 47. Rg1+ Kf5 48. Kc4 Nd8 49. Bd4 Re4 50. Rg5+ Ke6 51. Kd3 Re1 52. Bc4+ Ke7 53. Bc5+ Bd6 54. Bxd6+ Kxd6 55. Rd5+ Kc7 56. Rf5 Kxc6 57. Rxf4 Rd1+ 58. Kc2 Rd6 59. Bxf7 Nxf7 {[%emt 0:00:08] Kd3} 1/2-1/2

[Event "EWIBCC 2019"]
[Site "Monte-Carlo"]
[Date "2019.11.29"]
[Round "11.13"]
[White "Muetsch, Annmarie"]
[Black "Berend, Elvira"]
[Result "0-1"]
[ECO "B81"]
[WhiteElo "2240"]
[BlackElo "2349"]
[Annotator "NA"]
[PlyCount "54"]
[EventDate "2019.11.29"]
[EventType "swiss"]
[EventCountry "MNC"]
[SourceTitle "playchess.com"]
[Source "ChessBase"]
[SourceQuality "1"]
[TimeControl "180+2"]

1. e4 c5 2. Nf3 e6 3. d4 cxd4 4. Nxd4 Nf6 5. Nc3 d6 6. Be3 Be7 7. g4 a6 8. g5 Nfd7 9. h4 Nc6 10. Bg2 Nde5 11. Qe2 Bd7 12. f4 Ng6 13. Nxc6 Bxc6 14. h5 Nf8 15. O-O-O Qa5 16. Kb1 Nd7 17. g6 fxg6 18. hxg6 h6 19. Qg4 Nf8 20. f5 Bf6 21. Bd4 Bxd4 22. Rxd4 Qe5 23. Rhd1 O-O-O 24. Bh3 h5 25. Qg5 Kc7 26. a4 h4 27. b3 Nd7 0-1

[Event "EWIBCC 2019"]
[Site "Monte-Carlo"]
[Date "2019.11.29"]
[Round "11.14"]
[White "Berzina, Ilze"]
[Black "Benmesbah, Natacha"]
[Result "0-1"]
[ECO "B31"]
[WhiteElo "2211"]
[BlackElo "2265"]
[Annotator "NA"]
[PlyCount "68"]
[EventDate "2019.11.29"]
[EventType "swiss"]
[EventCountry "MNC"]
[SourceTitle "playchess.com"]
[Source "ChessBase"]
[SourceQuality "1"]
[TimeControl "180+2"]

1. e4 c5 2. Nf3 Nc6 3. Bb5 g6 4. O-O Bg7 5. Re1 Nf6 6. e5 Nd5 7. Nc3 Nc7 8. Bxc6 dxc6 9. Ne4 b6 10. Nf6+ Kf8 11. Ne4 Bg4 12. Ng3 Ne6 13. h3 Bxf3 14. Qxf3 Qd5 15. Qxd5 cxd5 16. c3 c4 17. d4 cxd3 18. b4 Rc8 19. Bb2 Nf4 20. Rad1 e6 21. Bc1 d2 22. Rxd2 Rxc3 23. Bb2 Rc4 24. Rc1 Ke7 25. Rxc4 dxc4 26. Ne4 Nd3 27. Bc3 Bxe5 28. Rxd3 cxd3 29. Bxe5 Rc8 30. Bf6+ Kd7 31. Bc3 f5 32. Nf6+ Ke7 33. Be5 Rc1+ 34. Kh2 d2 0-1

[Event "EWIBCC 2019"]
[Site "Monte-Carlo"]
[Date "2019.11.29"]
[Round "11.17"]
[White "Antova, Gabriela"]
[Black "Socko, Monika"]
[Result "1/2-1/2"]
[ECO "E11"]
[WhiteElo "2306"]
[BlackElo "2417"]
[Annotator "ChessBase"]
[PlyCount "81"]
[EventDate "2019.11.29"]
[EventType "swiss"]
[EventCountry "MNC"]
[SourceTitle "playchess.com"]
[Source "ChessBase"]
[SourceQuality "1"]
[TimeControl "180+2"]

1. d4 Nf6 2. c4 e6 3. Nf3 Bb4+ 4. Nbd2 a5 5. a3 Be7 6. e4 d5 7. e5 Ne4 8. Bd3 Nxd2 9. Bxd2 dxc4 10. Bxc4 b6 11. O-O Ba6 12. Rc1 O-O 13. Be3 b5 14. Bd3 b4 15. a4 Bxd3 16. Qxd3 c5 17. Rfd1 cxd4 18. Nxd4 Qd5 19. f4 Rd8 20. Qb5 Na6 21. Qxd5 Rxd5 22. Nc6 Bc5 23. Bxc5 Rxc5 24. Rxc5 Nxc5 25. Nxa5 Nxa4 26. b3 Nc5 27. Nc6 g6 28. Nxb4 Nxb3 29. Nc6 Kg7 30. Rd7 Nc5 31. Rc7 h5 32. g3 h4 33. Nd4 Rd8 34. Rxc5 Rxd4 35. Kg2 g5 36. fxg5 hxg3 37. Kxg3 Kg6 38. h4 Rd3+ 39. Kg4 Rd4+ 40. Kg3 Rd3+ 41. Kg4 1/2-1/2

[Event "EWIBCC 2019"]
[Site "Monte-Carlo"]
[Date "2019.11.29"]
[Round "11.18"]
[White "Solozhenkina, Elizaveta"]
[Black "Daulyte-Cornette, Deimante"]
[Result "0-1"]
[ECO "B03"]
[WhiteElo "2314"]
[BlackElo "2405"]
[Annotator "NA"]
[PlyCount "57"]
[EventDate "2019.11.29"]
[EventType "swiss"]
[EventCountry "MNC"]
[SourceTitle "playchess.com"]
[Source "ChessBase"]
[SourceQuality "1"]
[TimeControl "180+2"]

1. e4 Nf6 2. e5 Nd5 3. d4 d6 4. c4 Nb6 5. exd6 cxd6 6. Nc3 g6 7. Be3 Bg7 8. Rc1 O-O 9. b3 Bf5 10. Nf3 d5 11. c5 Nc8 12. h3 Nc6 13. Be2 Be4 14. O-O Bxf3 15. Bxf3 e6 16. Ne2 N8e7 17. g4 Qd7 18. Bg2 f5 19. Qd2 fxg4 20. hxg4 e5 21. f3 Rf7 22. dxe5 Nxe5 23. Nd4 N7c6 24. Rf2 Raf8 25. Rcf1 Qe7 26. Nxc6 bxc6 27. Bd4 Qh4 28. Be3 Qg3 29. Qe1 0-1

[Event "EWIBCC 2019"]
[Site "Monte-Carlo"]
[Date "2019.11.29"]
[Round "11.19"]
[White "Rogule, Laura"]
[Black "Ovod, Evgenija"]
[Result "1-0"]
[ECO "A13"]
[WhiteElo "2293"]
[BlackElo "2347"]
[Annotator "NA"]
[PlyCount "133"]
[EventDate "2019.11.29"]
[EventType "swiss"]
[EventCountry "MNC"]
[SourceTitle "playchess.com"]
[Source "ChessBase"]
[SourceQuality "1"]
[TimeControl "180+2"]

1. c4 e6 2. Nf3 d5 3. e3 Nf6 4. b3 c5 5. Bb2 Nc6 6. cxd5 Nxd5 7. Be2 f6 8. O-O Be7 9. d4 O-O 10. dxc5 Bxc5 11. Nc3 Nxc3 12. Bxc3 e5 13. Bc4+ Kh8 14. h3 Qe7 15. Rc1 Bd7 16. Qe2 Rad8 17. Rfd1 a6 18. a4 Ba3 19. Rc2 Nb4 20. Rcd2 Bc6 21. e4 Rxd2 22. Bxd2 Be8 23. Nh4 Nc6 24. Be3 Bf7 25. Nf5 Qc7 26. Bxf7 Qxf7 27. Qc2 g6 28. Nd6 Bxd6 29. Rxd6 Rd8 30. Rxd8+ Nxd8 31. Qc8 Qg8 32. Bb6 Ne6 33. Qxb7 Nf4 34. Be3 g5 35. Qxa6 Kg7 36. Qb7+ Kg6 37. Bxf4 gxf4 38. a5 f3 39. gxf3 Kg5 40. a6 Kf4+ 41. Kf1 Kxf3 42. Qb6 Qg2+ 43. Ke1 Qg1+ 44. Kd2 Qb1 45. Qe3+ Kg2 46. Qg3+ Kh1 47. Qf3+ Kh2 48. Qd3 Qb2+ 49. Ke3 Qa3 50. b4 Qxb4 51. Ke2 Qa5 52. Qg3+ Kh1 53. Qf3+ Kh2 54. Qd3 Qa2+ 55. Kf3 Kxh3 56. Qf1+ Kh4 57. Qh1+ Kg5 58. Qg2+ Kh6 59. Qh3+ Kg6 60. Qf5+ Kg7 61. Qd7+ Kg6 62. a7 Qa3+ 63. Kg2 h5 64. Qe8+ Kg5 65. a8=Q Qd3 66. Qg8+ Kf4 67. Qg3+ 1-0

[Event "EWIBCC 2019"]
[Site "Monte-Carlo"]
[Date "2019.11.29"]
[Round "11.20"]
[White "Worek, Joanna"]
[Black "Nicoara, Malina"]
[Result "1-0"]
[ECO "B04"]
[WhiteElo "2316"]
[BlackElo "2066"]
[Annotator "NA"]
[PlyCount "47"]
[EventDate "2019.11.29"]
[EventType "swiss"]
[EventCountry "MNC"]
[SourceTitle "playchess.com"]
[Source "ChessBase"]
[SourceQuality "1"]
[TimeControl "180+2"]

1. e4 Nf6 2. e5 Nd5 3. d4 d6 4. Nf3 Nb6 5. Bd3 g6 6. O-O Bg7 7. Re1 Bg4 8. h3 Bxf3 9. Qxf3 d5 10. b3 O-O 11. a4 a5 12. Ba3 Na6 13. c3 c6 14. Nd2 Nc7 15. Qe3 Re8 16. Nf3 Ne6 17. Nh2 h6 18. f4 Nf8 19. f5 Qc7 20. fxg6 fxg6 21. Rf1 Ne6 22. Bxg6 Rf8 23. Ng4 Ng5 24. h4 1-0

[Event "EWIBCC 2019"]
[Site "Monte-Carlo"]
[Date "2019.11.29"]
[Round "12.1"]
[White "Stefanova, Antoaneta"]
[Black "Kosteniuk, Alexandra"]
[Result "0-1"]
[ECO "E17"]
[WhiteElo "2481"]
[BlackElo "2483"]
[Annotator "ChessBase"]
[PlyCount "98"]
[EventDate "2019.11.29"]
[EventType "swiss"]
[EventCountry "MNC"]
[SourceTitle "playchess.com"]
[Source "ChessBase"]
[SourceQuality "1"]
[TimeControl "180+2"]

1. Nf3 Nf6 2. g3 b6 3. Bg2 Bb7 4. O-O e6 5. c4 Be7 6. Nc3 O-O 7. Re1 d5 8. cxd5 exd5 9. d4 Na6 10. Ne5 c5 11. e3 Nc7 12. b3 Ne6 13. Bb2 cxd4 14. exd4 Rc8 15. Bh3 Bb4 16. Re3 Ne4 17. Nxe4 dxe4 18. Nxf7 Kxf7 19. Qh5+ Ke7 20. Qh4+ g5 21. Qxh7+ Rf7 22. Qg6 Qd5 23. Bxe6 Qxe6 24. Qxg5+ Qf6 25. Qxf6+ Kxf6 26. d5+ Kf5 27. g4+ Kxg4 28. Rxe4+ Rf4 29. h3+ Kf5 30. Re5+ Kg6 31. Rd1 Bc5 32. Rd2 Rcf8 33. Ree2 Bc8 34. Kg2 Rg8 35. d6 Bd7 36. Re7 Rf7 37. f4 Kf5+ 38. Kh2 Rxe7 39. dxe7 Bc6 40. Re2 Re8 41. Re5+ Kxf4 42. Re6 Bd7 43. Rf6+ Ke4 44. Kg3 Rxe7 45. Rf4+ Kd5 46. Rh4 Re3+ 47. Kf4 Re4+ 48. Kg3 Bf2+ 49. Kxf2 Rxh4 0-1

[Event "EWIBCC 2019"]
[Site "Monte-Carlo"]
[Date "2019.11.29"]
[Round "12.2"]
[White "Sebag, Marie"]
[Black "Muzychuk, Anna"]
[Result "1/2-1/2"]
[ECO "C81"]
[WhiteElo "2443"]
[BlackElo "2543"]
[Annotator "ChessBase"]
[PlyCount "48"]
[EventDate "2019.11.29"]
[EventType "swiss"]
[EventCountry "MNC"]
[SourceTitle "playchess.com"]
[Source "ChessBase"]
[SourceQuality "1"]
[TimeControl "180+2"]

1. e4 e5 2. Nf3 Nc6 3. Bb5 a6 4. Ba4 Nf6 5. O-O Nxe4 6. d4 b5 7. Bb3 d5 8. dxe5 Be6 9. Qe2 Nc5 10. Rd1 Nxb3 11. axb3 Be7 12. c4 bxc4 13. bxc4 Qd7 14. cxd5 Bxd5 15. Nc3 Bxf3 16. Qxf3 Qe6 17. Nd5 Rc8 18. Nxe7 Nxe7 19. Qe2 Ra8 20. Bg5 O-O 21. Bxe7 Qxe7 22. Rxa6 Rxa6 23. Qxa6 Qxe5 24. Qc4 Qxb2 1/2-1/2

[Event "EWIBCC 2019"]
[Site "Monte-Carlo"]
[Date "2019.11.29"]
[Round "12.5"]
[White "Michna, Marta"]
[Black "Bulmaga, Irina"]
[Result "0-1"]
[ECO "A45"]
[WhiteElo "2366"]
[BlackElo "2435"]
[Annotator "NA"]
[PlyCount "84"]
[EventDate "2019.11.29"]
[EventType "swiss"]
[EventCountry "MNC"]
[SourceTitle "playchess.com"]
[Source "ChessBase"]
[SourceQuality "1"]
[TimeControl "180+2"]

1. d4 Nf6 2. c3 b6 3. Nf3 Bb7 4. Bf4 d6 5. h3 g6 6. Nbd2 Bg7 7. Qc2 Nbd7 8. e4 O-O 9. Be2 e5 10. dxe5 dxe5 11. Be3 a5 12. O-O Qe7 13. Rfe1 Nc5 14. Bxc5 Qxc5 15. a4 Rad8 16. Bf1 Nh5 17. Rad1 Nf4 18. g3 Nh5 19. Nb3 Qe7 20. Bg2 Bc6 21. Nbd2 Qe6 22. Ng5 Qe7 23. Ngf3 Rd7 24. Nh2 Rfd8 25. Nc4 Qe6 26. Rxd7 Qxd7 27. Ne3 Bxa4 28. Qb1 Bc6 29. Nd5 Nf6 30. c4 b5 31. Nf3 Nxd5 32. exd5 Bb7 33. Nxe5 Qd6 34. c5 Qxc5 35. Nc6 Bxc6 36. dxc6 h5 37. h4 Qb4 38. Kh2 a4 39. Qe4 Qxe4 40. Rxe4 Bxb2 41. Rb4 a3 42. Rxb5 a2 0-1

[Event "EWIBCC 2019"]
[Site "Monte-Carlo"]
[Date "2019.11.29"]
[Round "12.6"]
[White "Zhukova, Natalia"]
[Black "Paehtz, Elisabeth"]
[Result "1-0"]
[ECO "A10"]
[WhiteElo "2323"]
[BlackElo "2484"]
[Annotator "ChessBase"]
[PlyCount "63"]
[EventDate "2019.11.29"]
[EventType "swiss"]
[EventCountry "MNC"]
[SourceTitle "playchess.com"]
[Source "ChessBase"]
[SourceQuality "1"]
[TimeControl "180+2"]

1. c4 b6 2. Nc3 Bb7 3. e4 e6 4. Nf3 Bb4 5. Bd3 Bxc3 6. dxc3 d6 7. O-O e5 8. b4 Nd7 9. a4 Ngf6 10. Qe2 a5 11. Nh4 Nf8 12. c5 Ne6 13. cxd6 cxd6 14. Bb5+ Kf8 15. Bd3 axb4 16. cxb4 Nd4 17. Qe3 h6 18. Bb2 g5 19. Nf5 Nxf5 20. exf5 Kg7 21. Rfd1 Nd5 22. Qf3 Bc6 23. Be4 Qf6 24. Bxd5 Bxd5 25. Rxd5 Rhd8 26. h3 Rac8 27. Rad1 Rc4 28. Bxe5 dxe5 29. Rxd8 Rf4 30. Qa8 Qxf5 31. Rg8+ Kf6 32. Qd8+ 1-0

[Event "EWIBCC 2019"]
[Site "Monte-Carlo"]
[Date "2019.11.29"]
[Round "12.7"]
[White "Berend, Elvira"]
[Black "Savina, Anastasia"]
[Result "1/2-1/2"]
[ECO "E60"]
[WhiteElo "2349"]
[BlackElo "2354"]
[Annotator "ChessBase"]
[PlyCount "202"]
[EventDate "2019.11.29"]
[EventType "swiss"]
[EventCountry "MNC"]
[SourceTitle "playchess.com"]
[Source "ChessBase"]
[SourceQuality "1"]
[TimeControl "180+2"]

1. d4 Nf6 2. c4 g6 3. Nf3 Bg7 4. g3 c5 5. d5 b5 6. cxb5 a6 7. b6 d6 8. Bg2 O-O 9. O-O Nbd7 10. Nc3 Nxb6 11. e4 Nfd7 12. Bg5 a5 13. Qc1 Ba6 14. Re1 Nc4 15. Bh6 Nce5 16. Nxe5 Nxe5 17. Bxg7 Kxg7 18. Qc2 Rb8 19. Rad1 c4 20. Rb1 Qc7 21. Red1 Qa7 22. Ne2 Nd3 23. Qc3+ Kg8 24. Nd4 e5 25. dxe6 fxe6 26. Rd2 Rbe8 27. Bf1 e5 28. Bxd3 cxd3 29. Nc6 Qb6 30. Qb3+ Qxb3 31. axb3 Bb7 32. Nxa5 Bxe4 33. Nc4 d5 34. Nd6 Rb8 35. Nxe4 dxe4 36. Re1 Rb4 37. Kg2 Rd8 38. f3 exf3+ 39. Kxf3 Rd5 40. Re3 Rxb3 41. Ke4 Rdb5 42. Rexd3 Rxd3 43. Rxd3 Rxb2 44. Kxe5 Rxh2 45. Kf6 Rf2+ 46. Kg5 Rf5+ 47. Kg4 Kg7 48. Rd7+ Kh6 49. Kh3 Rf6 50. Kg4 Ra6 51. Rc7 Ra4+ 52. Kf3 g5 53. g4 Ra3+ 54. Kg2 Kg6 55. Rc6+ Kf7 56. Rb6 Re3 57. Rh6 Kg7 58. Rb6 Re7 59. Kg3 Rf7 60. Rb5 Kg6 61. Rb6+ Rf6 62. Rb3 h6 63. Rc3 Ra6 64. Rd3 Kf6 65. Rf3+ Ke5 66. Re3+ Kd4 67. Re8 Ra3+ 68. Kg2 Re3 69. Rh8 Re6 70. Kf3 Rf6+ 71. Kg3 Ke5 72. Re8+ Re6 73. Rh8 Ke4 74. Rh7 Ke3 75. Rh8 Ke2 76. Rh7 Kf1 77. Kf3 Kg1 78. Ra7 Kh2 79. Ra5 Rb6 80. Ke4 Kg3 81. Kf5 Kh4 82. Rc5 Rb4 83. Rc6 Rf4+ 84. Ke5 Kxg4 85. Rxh6 Kg3 86. Rh1 Rf8 87. Rg1+ Kh4 88. Rh1+ Kg4 89. Rg1+ Kh5 90. Rh1+ Kg6 91. Ke4 g4 92. Ke3 Kg5 93. Ke2 g3 94. Rf1 Re8+ 95. Kf3 Rf8+ 96. Kg2 Rxf1 97. Kxf1 Kf4 98. Kg2 Kg4 99. Kg1 Kf3 100. Kf1 g2+ 101. Kg1 Kg3 1/2-1/2

[Event "EWIBCC 2019"]
[Site "Monte-Carlo"]
[Date "2019.11.29"]
[Round "12.8"]
[White "Belenkaya, Dina"]
[Black "Mkrtchian, Lilit"]
[Result "0-1"]
[ECO "C00"]
[WhiteElo "2302"]
[BlackElo "2402"]
[Annotator "ChessBase"]
[PlyCount "98"]
[EventDate "2019.11.29"]
[EventType "swiss"]
[EventCountry "MNC"]
[SourceTitle "playchess.com"]
[Source "ChessBase"]
[SourceQuality "1"]
[TimeControl "180+2"]

1. e4 e6 2. Qe2 c5 3. g3 Nc6 4. Nf3 g6 5. Bg2 Bg7 6. d3 Nge7 7. h4 h6 8. c3 d6 9. Nbd2 b5 10. O-O Rb8 11. Re1 O-O 12. Nf1 b4 13. Qc2 Ba6 14. N1h2 bxc3 15. bxc3 Qa5 16. Bd2 Qb5 17. Bf1 Qb2 18. Qc1 Qxc1 19. Rexc1 Rb2 20. Ng4 Kh7 21. Ne3 f5 22. Nd1 Rbb8 23. Ne1 fxe4 24. dxe4 Bxf1 25. Kxf1 Ne5 26. Ke2 Nc4 27. Bf4 Nc6 28. Nd3 Rb6 29. Rab1 Rfb8 30. Rxb6 Rxb6 31. g4 Ra6 32. Rc2 d5 33. exd5 exd5 34. Nxc5 Rb6 35. Ne6 Be5 36. Be3 Rb8 37. Nc5 Re8 38. a4 Nxe3 39. Nxe3 d4 40. Nd5 Kg7 41. f3 Bd6+ 42. Ne4 Be5 43. c4 Rb8 44. c5 Rb3 45. Kd2 d3 46. Ra2 Nd4 47. f4 Nf3+ 48. Ke3 d2+ {[%emt 0:00:00] Kxf3 d1=Q+} 49. Kf2 {[%emt 0:00:00] Qxd5 fxe5 Qxe4 Re2 Qf3+ Ke1} Rb1 0-1

[Event "EWIBCC 2019"]
[Site "Monte-Carlo"]
[Date "2019.11.29"]
[Round "12.9"]
[White "Benmesbah, Natacha"]
[Black "Gaponenko, Inna"]
[Result "1-0"]
[ECO "B08"]
[WhiteElo "2265"]
[BlackElo "2427"]
[Annotator "ChessBase"]
[PlyCount "136"]
[EventDate "2019.11.29"]
[EventType "swiss"]
[EventCountry "MNC"]
[SourceTitle "playchess.com"]
[Source "ChessBase"]
[SourceQuality "1"]
[TimeControl "180+2"]

1. e4 d6 2. d4 Nf6 3. Nc3 g6 4. Nf3 Bg7 5. a3 O-O 6. Bc4 c5 7. dxc5 dxc5 8. Qxd8 Rxd8 9. O-O Nc6 10. Be3 b6 11. h3 Bb7 12. e5 Ne8 13. e6 f5 14. Rad1 Nd6 15. Bd5 Na5 16. Bxb7 Ndxb7 17. Nd5 Nc6 18. c3 Nba5 19. Bg5 Kf8 20. b4 Nc4 21. b5 h6 22. bxc6 hxg5 23. c7 Rdc8 24. Nxg5 Be5 25. Rfe1 Bxc7 26. Nxc7 Rxc7 27. Rd7 Rac8 28. Red1 Nd6 29. f4 Ke8 30. Rxc7 Rxc7 31. Nf3 Nc4 32. Nh4 Rc6 33. Re1 Nxa3 34. Nxg6 Nc4 35. h4 Nd6 36. Ne5 Rc8 37. h5 Ne4 38. h6 Nf6 39. Ra1 a5 40. c4 Rd8 41. Rb1 Rd6 42. Nd7 Rxe6 43. Nxb6 Ne4 44. Nd5 Rxh6 45. Rb8+ Kf7 46. Ra8 Nd6 47. Rxa5 Nxc4 48. Ra7 Re6 49. Rc7 Nd6 50. Rxc5 Re1+ 51. Kf2 Rd1 52. Kf3 Ne4 53. Ra5 Rd3+ 54. Ke2 Rd2+ 55. Kf3 Rf2+ 56. Ke3 Rxg2 57. Ra7 Ke6 58. Nxe7 Rg3+ 59. Ke2 Rg4 60. Ke3 Nf6 61. Nc6 Nd5+ 62. Kd3 Rxf4 63. Nd4+ Ke5 64. Ne2 Rf3+ 65. Kd2 Rb3 66. Ra2 Nf4 67. Ra5+ Nd5 68. Nc3 Rxc3 1-0

[Event "EWIBCC 2019"]
[Site "Monte-Carlo"]
[Date "2019.11.29"]
[Round "12.11"]
[White "Buksa, Nataliya"]
[Black "Osmak, Iulija"]
[Result "0-1"]
[ECO "B00"]
[WhiteElo "2410"]
[BlackElo "2401"]
[Annotator "NA"]
[PlyCount "96"]
[EventDate "2019.11.29"]
[EventType "swiss"]
[EventCountry "MNC"]
[SourceTitle "playchess.com"]
[Source "ChessBase"]
[SourceQuality "1"]
[TimeControl "180+2"]

1. e4 Nc6 2. d4 d6 3. Bb5 a6 4. Ba4 b5 5. Bb3 Nf6 6. Nc3 e6 7. d5 Na5 8. dxe6 fxe6 9. Bg5 Be7 10. Nf3 e5 11. Qe2 Nxb3 12. axb3 Be6 13. O-O-O Qc8 14. Nd5 Bxd5 15. exd5 O-O 16. h3 Qb7 17. h4 Nxd5 18. Nxe5 dxe5 19. Qxe5 Bxg5+ 20. hxg5 c6 21. Rxh7 Qe7 22. Qh2 Qxg5+ 23. Kb1 Rae8 24. Rh8+ Kf7 25. Rh3 Re6 26. Rg3 Qh6 27. Rf3+ Rf6 28. Qd6 Rxf3 29. Qd7+ Kg8 30. gxf3 Rxf3 31. Re1 Rf8 32. c4 Qg6+ 33. Ka1 Nb4 34. Rd1 Nc2+ 35. Ka2 Nb4+ 36. Ka1 a5 37. cxb5 cxb5 38. f4 Nc2+ 39. Ka2 Nb4+ 40. Ka1 Rxf4 41. Qxb5 Nc2+ 42. Ka2 Nb4+ 43. Ka1 Rf8 44. Qc4+ Qf7 45. Qc5 Qxb3 46. Qxf8+ Kxf8 47. Rf1+ Kg8 48. Kb1 Qd3+ 0-1

[Event "EWIBCC 2019"]
[Site "Monte-Carlo"]
[Date "2019.11.29"]
[Round "12.14"]
[White "Reizniece-Ozola, Dana"]
[Black "Babiy, Olga"]
[Result "1/2-1/2"]
[ECO "A21"]
[WhiteElo "2305"]
[BlackElo "2249"]
[Annotator "ChessBase"]
[PlyCount "190"]
[EventDate "2019.11.29"]
[EventType "swiss"]
[EventCountry "MNC"]
[SourceTitle "playchess.com"]
[Source "ChessBase"]
[SourceQuality "1"]
[TimeControl "180+2"]

1. c4 e5 2. Nc3 Bb4 3. Qc2 Nc6 4. Nf3 Nge7 5. e3 d6 6. Nd5 Bc5 7. a3 a5 8. b3 Nxd5 9. cxd5 Ne7 10. Bc4 Bd7 11. a4 O-O 12. Bb2 Bf5 13. e4 Bg4 14. d4 Bb4+ 15. Nd2 Ng6 16. h3 Bd7 17. dxe5 dxe5 18. g3 Qg5 19. Be2 f5 20. h4 Qf6 21. h5 Ne7 22. O-O-O Bxd2+ 23. Rxd2 fxe4 24. Qxe4 Bf5 25. Qc4 Kh8 26. f4 Rad8 27. fxe5 Qg5 28. h6 Rxd5 29. hxg7+ Kxg7 30. Rhd1 Rfd8 31. Bc3 Rxd2 32. Bxd2 Qxg3 33. Kb2 Kh8 34. Bc3 Rxd1 35. Bxd1 Qf2+ 36. Be2 c6 37. Bd4 Qg2 38. Kc3 Kg7 39. e6+ Kg6 40. Kd2 Qg5+ 41. Be3 Qg2 42. Qf4 Bxe6 43. Qh6+ Kf7 44. Qxh7+ Ke8 45. Qh8+ Kd7 46. Qd4+ Nd5 47. Bf2 Qg5+ 48. Kd1 Qg6 49. Bd3 Qg4+ 50. Qxg4 Bxg4+ 51. Kd2 Be6 52. Bc2 Nb4 53. Bd1 Kc7 54. Bg3+ Kb6 55. Bf2+ c5 56. Kc3 Nd5+ 57. Kb2 Bf7 58. Bf3 Nb4 59. Be2 Kc6 60. Bf1 b6 61. Bg2+ Bd5 62. Bf1 Kd6 63. Be2 Ke5 64. Bg3+ Ke4 65. Bc7 Ke3 66. Bb5 Nd3+ 67. Kc3 Nf4 68. Bxb6 Ne2+ 69. Kb2 Ke4 70. Bxc5 Nd4 71. Ba6 Nxb3 72. Bb6 Ke5 73. Be2 Kd6 74. Bd1 Nc5 75. Bxa5 Kc6 76. Bc3 Kb6 77. Ka3 Kc6 78. Be2 Ne4 79. Bb5+ Kb7 80. Bd4 Nd6 81. Bd3 Bc6 82. Kb4 Bd7 83. Be5 Nc8 84. Be4+ Ka6 85. Bd3+ Kb7 86. a5 Na7 87. Bc3 Nc6+ 88. Kc5 Nxa5 89. Bxa5 Bc6 90. Bc4 Bf3 91. Bd3 Bg2 92. Bf5 Bf3 93. Kb4 Bg2 94. Bd3 Bf3 95. Bd8 Bg2 1/2-1/2

[Event "EWIBCC 2019"]
[Site "Monte-Carlo"]
[Date "2019.11.29"]
[Round "12.15"]
[White "Daulyte-Cornette, Deimante"]
[Black "Worek, Joanna"]
[Result "1-0"]
[ECO "B23"]
[WhiteElo "2405"]
[BlackElo "2316"]
[Annotator "NA"]
[PlyCount "93"]
[EventDate "2019.11.29"]
[EventType "swiss"]
[EventCountry "MNC"]
[SourceTitle "playchess.com"]
[Source "ChessBase"]
[SourceQuality "1"]
[TimeControl "180+2"]

1. e4 c5 2. Nc3 Nc6 3. Bb5 Nd4 4. Nf3 Nxb5 5. Nxb5 a6 6. Nc3 d6 7. d4 cxd4 8. Qxd4 e5 9. Qd3 Be6 10. Nd2 Rc8 11. O-O Nf6 12. a4 Be7 13. Rd1 O-O 14. Nf1 Bc4 15. Qf3 h6 16. Ne3 Be6 17. h3 Re8 18. Qe2 Rxc3 19. bxc3 Nxe4 20. Qd3 Nc5 21. Qd2 Qc8 22. c4 f5 23. Nd5 Bf8 24. Qe2 Ne4 25. Bb2 Qc5 26. Ba3 Qc6 27. Qd3 Rc8 28. Ne3 f4 29. Nd5 Qxc4 30. Nb6 Qxd3 31. cxd3 Rc6 32. dxe4 Rxb6 33. Rab1 Rc6 34. Rxb7 Rc4 35. Bxd6 Bxd6 36. Rxd6 Bc8 37. Rd8+ Kh7 38. Rb8 Be6 39. Re8 Bd7 40. Rxe5 Bxa4 41. Re7 Bc2 42. Rbb7 Bxe4 43. Rxg7+ Kh8 44. Ra7 Rc1+ 45. Kh2 Ra1 46. Rge7 Bd5 47. Re8+ 1-0

[Event "EWIBCC 2019"]
[Site "Monte-Carlo"]
[Date "2019.11.29"]
[Round "12.16"]
[White "Gaprindashvili, Nona"]
[Black "Guichard, Pauline"]
[Result "0-1"]
[ECO "E73"]
[WhiteElo "2275"]
[BlackElo "2407"]
[Annotator "ChessBase"]
[PlyCount "97"]
[EventDate "2019.11.29"]
[EventType "swiss"]
[EventCountry "MNC"]
[SourceTitle "playchess.com"]
[Source "ChessBase"]
[SourceQuality "1"]
[TimeControl "180+2"]

1. d4 Nf6 2. c4 g6 3. Nc3 Bg7 4. e4 d6 5. Be2 O-O 6. Bg5 e5 7. dxe5 dxe5 8. Qxd8 Rxd8 9. Nd5 Nbd7 10. Nxc7 Rb8 11. Nd5 h6 12. Bxf6 Nxf6 13. f3 Be6 14. O-O-O Bxd5 15. cxd5 Nh5 16. g3 f5 17. Bd3 Rbc8+ 18. Kb1 fxe4 19. Bxe4 Nf6 20. Ne2 g5 21. Nc3 Bf8 22. Bf5 Rc4 23. Rhe1 Bd6 24. Be4 a6 25. Re2 b5 26. a3 Rb8 27. Bd3 Rd4 28. Bc2 Rxd1+ 29. Bxd1 b4 30. axb4 Rxb4 31. Bc2 a5 32. Be4 Kf7 33. Kc2 g4 34. fxg4 Nxg4 35. Bf5 Nf6 36. Be6+ Kg6 37. h3 h5 38. g4 hxg4 39. hxg4 Nxg4 40. Rg2 Kg5 41. Nd1 Kh4 42. Bxg4 Rxg4 43. Rxg4+ Kxg4 44. Kd3 Kf5 45. Nc3 Bb4 46. Ne4 Kg6 47. Kc4 Kf7 48. d6 Ke6 49. Kb5 0-1

[Event "EWIBCC 2019"]
[Site "Monte-Carlo"]
[Date "2019.11.29"]
[Round "12.17"]
[White "Socko, Monika"]
[Black "Berzina, Ilze"]
[Result "1-0"]
[ECO "D78"]
[WhiteElo "2417"]
[BlackElo "2211"]
[Annotator "NA"]
[PlyCount "57"]
[EventDate "2019.11.29"]
[EventType "swiss"]
[EventCountry "MNC"]
[SourceTitle "playchess.com"]
[Source "ChessBase"]
[SourceQuality "1"]
[TimeControl "180+2"]

1. d4 d5 2. c4 c6 3. Nf3 Nf6 4. Nbd2 g6 5. g3 Bg7 6. Bg2 O-O 7. O-O Bf5 8. b3 Na6 9. Bb2 Ne4 10. Nh4 Nxd2 11. Qxd2 Bg4 12. h3 Be6 13. Rac1 Qd7 14. Kh2 Rfd8 15. Rfd1 Rac8 16. Nf3 Bf5 17. Ne5 Qd6 18. cxd5 cxd5 19. Qa5 Be4 20. f3 Bf5 21. Ba3 Qf6 22. Rxc8 Rxc8 23. Qxd5 b6 24. Qb7 Nc7 25. Rc1 Nb5 26. Rxc8+ Bxc8 27. Qxc8+ Bf8 28. Nd7 Qg7 29. Bxe7 1-0

[Event "EWIBCC 2019"]
[Site "Monte-Carlo"]
[Date "2019.11.29"]
[Round "12.18"]
[White "Zvereva, Marija"]
[Black "Muetsch, Annmarie"]
[Result "1-0"]
[ECO "A08"]
[WhiteElo "2154"]
[BlackElo "2240"]
[Annotator "NA"]
[PlyCount "73"]
[EventDate "2019.11.29"]
[EventType "swiss"]
[EventCountry "MNC"]
[SourceTitle "playchess.com"]
[Source "ChessBase"]
[SourceQuality "1"]
[TimeControl "180+2"]

1. e4 c5 2. Nf3 Nc6 3. d3 g6 4. Nbd2 Bg7 5. g3 Nf6 6. Bg2 O-O 7. O-O d5 8. c3 b6 9. Re1 Bb7 10. e5 Ne8 11. e6 fxe6 12. Ng5 Nc7 13. Nxe6 Nxe6 14. Rxe6 Rf6 15. Qe2 Bc8 16. Rxc6 Rxc6 17. Nf3 e6 18. Ne5 Rc7 19. h4 Bb7 20. Bg5 Qf8 21. h5 Qf5 22. Bf4 Re7 23. h6 Bh8 24. Qe3 Rf8 25. Re1 Ba6 26. Nc6 Ref7 27. Bd6 Rc8 28. Ne7+ Rxe7 29. Bxe7 Rc6 30. d4 cxd4 31. cxd4 Bc8 32. Qa3 a6 33. Qb3 Bxd4 34. a4 Qxf2+ 35. Kh2 Qxe1 36. Qf3 Bg1+ 37. Kh3 1-0